 Dungeon Crawl Stone Soup version 0.18.1-2-ga659475 (webtiles) character file.

359 oplop the Vexing (level 6, -1/28 HPs)
             Began as a Vine Stalker Enchanter on May 8, 2016.
             Slain by an orc
             ... wielding a +0 hand axe
              (4 damage)
             ... on level 4 of the Dungeon.
             The game lasted 00:04:23 (3090 turns).

oplop the Vexing (Vine Stalker Enchanter)           Turns: 3090, Time: 00:04:24

Health: -1/28      AC:  4    Str: 10    XL:     6   Next: 65%
Magic:  0/12       EV: 12    Int: 15    God:
Gold:   217        SH:  0    Dex: 17    Spells: 4 memorised, 2 levels left

rFire  . . .     SeeInvis .     o - +1 short sword (venom)
rCold  . . .     Gourm    .     b - +1 robe
rNeg   . . .     Faith    .     (no shield)
rPois  .         Spirit   +     s - +0 helmet
rElec  .         Dismiss  .     (no cloak)
rCorr  .         Reflect  .     (no gloves)
SustAt .         Harm     .     (no boots)
MR     .....                    (no amulet)
Stlth  +++.......               (no ring)
                                (no ring)

@: not resistant to hostile enchantments, fairly stealthy
A: fangs 2, regeneration 2, magic shield, antimagic bite, no device heal 3, rot
immunity
a: no special abilities


You were on level 4 of the Dungeon.
You were very hungry.

You visited 1 branch of the dungeon, and saw 4 of its levels.

You collected 217 gold pieces.

Inventory:

Hand Weapons
 a - a +1 dagger
 o - a +1 short sword of venom (weapon)
Armour
 b - a +1 robe (worn)
 s - a +0 helmet (worn)
Jewellery
 k - a cursed ring of loudness {unknown}
Scrolls
 e - 2 scrolls of teleportation {unknown}
 f - 6 scrolls of identify {unknown}
 g - 3 scrolls of amnesia {unknown}
 i - a scroll of noise {unknown}
 p - a scroll of random uselessness {unknown}
 q - 3 scrolls of blinking {unknown}
Potions
 j - 3 potions of curing {unknown}
 l - a potion of lignification {unknown}
 m - 2 potions of invisibility {unknown}
 n - a potion of might {unknown}
Books
 c - a book of Maledictions

   Spells                             Type                      Level
   a - Corona                         Hexes                        1
   b - Ensorcelled Hibernation        Hexes/Ice                    2
   c - Confuse                        Hexes                        3
   d - Tukima's Dance                 Hexes                        3
   e - Dazzling Spray                 Conjuration/Hexes            3
Comestibles
 d - 4 bread rations
 h - a royal jelly
 r - 3 fruits


   Skills:
 + Level 3.1 Short Blades
 - Level 1.5 Dodging
 + Level 4.7 Stealth
 + Level 3.4 Spellcasting
 * Level 5.2 Hexes


You had 2 spell levels left.
You knew the following spells:

 Your Spells              Type           Power        Failure   Level  Hunger
a - Corona                Hex            ###....      1%          1    None
b - Ensorcelled Hibernat  Hex/Ice        ##....       12%         2    ##.....
c - Confuse               Hex            ###.....     10%         3    ###....
d - Tukima's Dance        Hex            ###.....     10%         3    ###....


Dungeon Overview and Level Annotations

Branches:
Dungeon (4/15)
 Temple: D:4-7

Altars:
Cheibriados
Okawaru


Innate Abilities, Weirdness & Mutations

You have extremely sharp teeth.
You heal very quickly.
When hurt, damage is shared between your health and your magic reserves.
Your bite disrupts and absorbs the magic of your enemies.
Potions and wands cannot restore your health.
You are immune to rotting.


Message History

You closely miss the orc. Your bite misses the orc.
The orc hits you with a club.
* * * LOW HITPOINT WARNING * * *
The orc misses you.
Casting: Ensorcelled Hibernation
Confirm with . or Enter, or press ? or * to list all spells.
Aiming: Ensorcelled Hibernation
Press: ? - help, Shift-Dir - straight line, f/p - orc priest
Aim: an orc priest, wielding a dagger (severely wounded, poisoned, chance to defeat MR: 41%)
The orc priest resists with some effort.
The orc priest casts a cantrip, but nothing happens.
The orc hits you but does no damage. The orc completely misses you.
The orc closely misses you.
You barely miss the orc priest.
The orc priest is almost dead.
You kill the orc priest!
The orc hits you but does no damage. The orc hits you with a club.
* * * LOW HITPOINT WARNING * * *
The orc hits you with a hand axe!
You die...

## ######..###...######
..## ##......##..#
..).## ##.........#
......# #..........#
.......## #..........#
........####.........##
.........##..........#
......)oo##..........#
.......o@...........##
.......)..#.........#
.........####.#######
........## ###
#########


You could see 3 orcs.

Vanquished Creatures
  The ghost of Firos the Skirmisher, an amateur HOFi (D:3)
  2 orc priests (D:4)
  A hound (D:4)
  Ijyb (D:2)
  Robin (D:2)
  3 gnolls (D:2)
  4 adders
  3 worms
  2 giant geckos (D:3)
  8 bats
  6 giant cockroaches
  14 goblins
  7 hobgoblins
  3 jackals
  A quokka (D:2)
  5 giant newts
  9 kobolds
  5 rats
76 creatures vanquished.

Notes
Turn   | Place    | Note
--------------------------------------------------------------
     0 | D:1      | oplop the Vine Stalker Enchanter began the quest for the Orb.
     0 | D:1      | Reached XP level 1. HP: 9/9 MP: 4/4
    74 | D:1      | Reached skill level 1 in Short Blades
   245 | D:1      | Reached XP level 2. HP: 13/13 MP: 6/6
   275 | D:1      | Learned a level 2 spell: Ensorcelled Hibernation
   795 | D:1      | Reached XP level 3. HP: 14/16 MP: 5/7
  1304 | D:2      | Reached XP level 4. HP: 10/21 MP: 0/8
  1513 | D:2      | Reached skill level 4 in Hexes
  1539 | D:2      | Noticed Ijyb
  1547 | D:2      | Killed Ijyb
  1583 | D:2      | Noticed Robin
  1597 | D:2      | Killed Robin
  1597 | D:2      | Reached XP level 5. HP: 19/24 MP: 3/10
  1947 | D:3      | Noticed Firos's ghost (amateur HOFi)
  1969 | D:2      | Learned a level 3 spell: Confuse
  1973 | D:2      | Learned a level 3 spell: Tukima's Dance
  1986 | D:3      | Found a faded altar to an unknown god.
  2565 | D:3      | Killed Firos's ghost
  2565 | D:3      | Reached skill level 5 in Hexes
  2565 | D:3      | Gained mutation: You heal very quickly. [Vine Stalker growth]
  2565 | D:3      | Reached XP level 6. HP: 21/28 MP: 7/11
  2694 | D:3      | Found an iron altar of Okawaru.
  2699 | D:3      | Found a snail-covered altar of Cheibriados.
  3090 | D:4      | Slain by an orc

Skill      XL: |  1  2  3  4  5  6 |
---------------+-------------------+-----
Short Blades   | 1 2 3 |  3.1
Hexes          | 4 5 |  5.2
Stealth        | 4 |  4.7
Spellcasting   | 3 |  3.4
Dodging        | |  1.5

Action                   |  1- 3 |  4- 6 || total
-------------------------+-------+-------++-------
Melee: Dagger            |   106 |    10 ||   116
       Bite              |    18 |    28 ||    46
       Short sword       |       |   105 ||   105
 Cast: Ensorcelled Hiber |     7 |     8 ||    15
       Confuse           |       |     4 ||     4
 Stab: Sleeping          |     7 |    11 ||    18
       Confused          |       |     2 ||     2
  Eat: Chunk             |     1 |     6 ||     7
Armor: Robe              |    29 |    25 ||    54
Dodge: Dodged            |    66 |    60 ||   126
